 Dungeon Crawl Stone Soup version 0.20.1-1-g8b1a95d (webtiles) character file.

5056 gobwax the Martial Artist (level 10, -1/61 HPs)
             Began as an Octopode Transmuter on Sept 8, 2017.
             Was a Follower of Uskayaw.
             Succumbed to a hornet's poison
             ... on level 9 of the Dungeon.
             The game lasted 00:17:27 (9146 turns).

gobwax the Martial Artist (Octopode Transmuter)     Turns: 9146, Time: 00:17:28

Health: -1/61      AC:  1    Str:  9    XL:     10   Next: 56%
Magic:  8/17       EV: 15    Int: 18    God:    Uskayaw [*.....]
Gold:   440        SH:  0    Dex: 14    Spells: 10/19 levels left

rFire    . . .     SeeInvis .     - Unarmed
rCold    . . .     Gourm    .   (no shield)
rNeg     . . .     Faith    .   (helmet restricted)
rPois    .         Spirit   +   j - amulet of guardian spirit
rElec    .         Reflect  .   (no ring)
rCorr    .         Harm     .   (no ring)
MR       .....                  (no ring)
Stlth    +++.......             (no ring)
Regen    0.2/turn               (no ring)
MPRegen  0.2/turn               (no ring)
                                (no ring)
                                (no ring)

@: lethally poisoned (-1 -> -23), berserk cooldown, slowed, very slow
A: almost no armour, stealthy swim, amphibious, 8 rings, constrict 8, camouflage
1, gelatinous body 1
a: Stomp, Renounce Religion


You were on level 9 of the Dungeon.
You worshipped Uskayaw.
Uskayaw was noncommittal.
You were not hungry.

You visited 2 branches of the dungeon, and saw 10 of its levels.

You collected 440 gold pieces.

Inventory:

Missiles
 a - 147 arrows
Jewellery
 j - an amulet of guardian spirit (around mantle)
Wands
 B - a wand of iceblast (5/15)
Scrolls
 e - 8 scrolls of identify
 f - 2 scrolls of recharging {unknown}
 h - 3 scrolls of remove curse {unknown}
 k - 5 scrolls of teleportation
 l - 3 scrolls of fog {unknown}
 m - a scroll of vulnerability {unknown}
 n - 2 scrolls of fear {unknown}
 p - 3 scrolls of immolation {unknown}
 r - 2 scrolls of amnesia {unknown}
 v - a scroll of enchant armour {unknown}
 y - a scroll of blinking {unknown}
 A - a scroll of noise {unknown}
 C - a scroll of enchant weapon {unknown}
Potions
 g - a potion of heal wounds
 o - a potion of berserk rage
 s - 4 potions of curing
 u - a potion of might {unknown}
 z - a potion of flight {unknown}
Books
 b - a book of Changes

   Spells                             Type                      Level
   a - Beastly Appendage              Transmutation                1
   b - Sticks to Snakes               Transmutation                2
   c - Spider Form                    Transmutation/Poison         3
   d - Ice Form                       Ice/Transmutation            4
   e - Blade Hands                    Transmutation                5
 x - a book of Flames

   Spells                             Type                      Level
   a - Flame Tongue                   Conjuration/Fire             1
   b - Throw Flame                    Conjuration/Fire             2
   c - Conjure Flame                  Conjuration/Fire             3
   d - Inner Flame                    Hexes/Fire                   3
   e - Sticky Flame                   Conjuration/Fire             4
   f - Fireball                       Conjuration/Fire             5
 D - a book of Air

   Spells                             Type                      Level
   a - Shock                          Conjuration/Air              1
   b - Swiftness                      Charms/Air                   2
   c - Static Discharge               Conjuration/Air              3
   d - Airstrike                      Air                          4
   e - Lightning Bolt                 Conjuration/Air              5
Comestibles
 c - 11 bread rations
 d - 9 fruits
 t - 4 meat rations
 w - a royal jelly


   Skills:
 + Level 2.5 Fighting
 + Level 4.6 Dodging
 - Level 1.7 Stealth
 * Level 11.9 Unarmed Combat
 + Level 5.2 Spellcasting
 * Level 6.4 Transmutations
 - Level 1.2 Poison Magic


You had 10 spell levels left.
You knew the following spells:

 Your Spells              Type           Power        Failure   Level  Hunger
a - Beastly Appendage     Tmut           ####..       1%          1    None
b - Spider Form           Tmut/Pois      ###.......   8%          3    ##.....
c - Blade Hands           Tmut           ####......   26%         5    ######.


Dungeon Overview and Level Annotations

Branches:
Dungeon (9/15)             Temple (1/1) D:5            Lair (0/6) D:9
    Orc: D:9-12

Altars:
Ashenzari
Dithmenos
Elyvilon
Hepliaklqana
Kikubaaqudgha
Nemelex Xobeh
Okawaru
Uskayaw
Vehumet
Xom
The Shining One

Annotations:
D:4 Sphara's ghost, amateur DgHu


Innate Abilities, Weirdness & Mutations

You cannot wear most types of armour.
You are very stealthy in the water. (Stealth+)
You are amphibious.
You can wear up to eight rings at the same time.
You can use your tentacles to constrict eight enemies at once.
Your skin changes colour to match your surroundings (Stealth+).
Your rubbery body absorbs attacks. (AC +1, EV +1)


Message History

You are too berserk!
You feel a strong urge to attack something.
* * * LOW HITPOINT WARNING * * *
You feel sick.
You can no longer pass through a line of other dancers.
Things that are here:
an iguana corpse; a hornet corpse
* * * LOW HITPOINT WARNING * * *
You feel sick.
There is an open door here.
You feel your anger subside.
* * * LOW HITPOINT WARNING * * *
You feel sick.
You are no longer berserk.
You are exhausted.
You feel yourself slow down.
* * * LOW HITPOINT WARNING * * *
You feel sick.
There is an open door here.
You die...

#.#.#### ##.......##.#. #.(.##
####......... #....##
###....#..#. ####..#
#....#..#... ##########.##
##'...........
#...........#####..Z.##.##..##
##.<............##....##.# ...
.#...........##.##......... .#
.#...........##.@'.........
...[.........#####..........
##...........# #...........
#...........# ###########
#...........# #############


You could see a water moccasin zombie.

Vanquished Creatures
  A two-headed ogre (D:9)
  Pikel (D:7)
  Joseph (D:7)
  2 hornets
  Grinder (D:5)
  A spriggan (D:7)
  A wyvern (D:8)
  Grum (D:8)
  A porcupine (D:9)
  3 ice beasts
  2 slaves (D:7)
  A black bear (D:6)
  A sky beast (D:6)
  A necrophage (D:6)
  3 ogres
  2 wolves (D:8)
  2 centaurs
  A crocodile (D:8)
  3 bullfrogs
  3 scorpions (D:5)
  5 crimson imps
  Crazy Yiuf (D:7)
  A hound (D:5)
  A bullfrog zombie (D:9)
  2 orc priests (D:8)
  A jelly (D:8)
  2 orc wizards (D:8)
  A centaur skeleton (D:9)
  3 iguanas
  7 worker ants
  A killer bee zombie (D:7)
  3 hound skeletons
  A howler monkey skeleton (D:9)
  11 gnolls
  6 adders
  4 shadow imps
  An ooze (D:1)
  An adder zombie (D:8)
  An adder skeleton (D:6)
  3 worms
  A dart slug (D:2)
  13 leopard geckos
  19 orcs
  2 giant cockroaches
  8 goblins
  4 hobgoblins
  9 jackals
  5 quokkas
  2 ball pythons
  4 bats
  4 frilled lizards
  A giant cockroach zombie (D:6)
  A jackal zombie (D:7)
  13 kobolds
  A leopard gecko zombie (D:5)
  A quokka skeleton (D:8)
  A quokka zombie (D:5)
  8 rats
185 creatures vanquished.

Vanquished Creatures (others)
  A plant (D:4)
1 creature vanquished.

Grand Total: 186 creatures vanquished

Notes
Turn   | Place    | Note
-------+----------+-------------------------------------------
     0 | D:1      | gobwax the Octopode Transmuter began the quest for the Orb.
     0 | D:1      | Reached XP level 1. HP: 13/13 MP: 3/3
   472 | D:1      | Reached XP level 2. HP: 18/18 MP: 3/5
   803 | D:1      | Reached XP level 3. HP: 19/23 MP: 4/6
  1642 | D:2      | Reached skill level 1 in Stealth
  1645 | D:2      | Reached XP level 4. HP: 22/28 MP: 3/7
  2047 | D:3      | Reached skill level 4 in Unarmed Combat
  2276 | D:3      | Reached XP level 5. HP: 25/33 MP: 6/9
  2522 | D:3      | Found a shadowy altar of Dithmenos.
  2545 | D:3      | Learned a level 3 spell: Spider Form
  3290 | D:4      | Noticed Sphara's ghost (amateur DgHu)
  3293 | D:4      | Found an ancient bone altar of Kikubaaqudgha.
  3335 | D:5      | Entered Level 5 of the Dungeon
  3335 | D:5      | Noticed Grinder
  3369 | D:5      | Reached XP level 6. HP: 10/38 MP: 0/10
  3434 | D:6      | Noticed a necrophage
  3735 | D:6      | Noticed a sky beast
  3742 | D:6      | Killed a sky beast
  3742 | D:6      | Reached skill level 5 in Unarmed Combat
  3742 | D:6      | Reached skill level 1 in Poison Magic
  3859 | D:5      | HP: 1/38 [Grinder/nerve-wracking pain (7)]
  3860 | D:5      | Killed Grinder
  3860 | D:5      | Reached XP level 7. HP: 23/43 MP: 0/12
  4059 | D:5      | Reached skill level 6 in Unarmed Combat
  4093 | D:5      | Found a staircase to the Ecumenical Temple.
  4120 | Temple   | Entered the Ecumenical Temple
  4131 | Temple   | Became a worshipper of Uskayaw the Reveler
  4157 | D:5      | Reached * piety under Uskayaw
  4161 | D:5      | Reached ** piety under Uskayaw
  4734 | D:6      | Reached XP level 8. HP: 48/48 MP: 9/13
  4771 | D:6      | Found a glowing golden altar of the Shining One.
  4790 | D:6      | Reached skill level 7 in Unarmed Combat
  5296 | D:6      | Reached skill level 8 in Unarmed Combat
  6106 | D:7      | Reached *** piety under Uskayaw
  6372 | D:7      | Noticed Joseph
  6394 | D:7      | Killed Joseph
  6394 | D:7      | Reached skill level 9 in Unarmed Combat
  6394 | D:7      | Reached skill level 5 in Transmutations
  6394 | D:7      | Reached XP level 9. HP: 18/54 MP: 1/15
  6633 | D:7      | Noticed Pikel
  6659 | D:7      | Killed Pikel
  6682 | D:7      | Reached skill level 10 in Unarmed Combat
  6855 | D:7      | Noticed a hornet
  6873 | D:7      | Killed a hornet
  7327 | D:7      | Found a runed door.
  7371 | D:7      | Noticed Crazy Yiuf
  7383 | D:7      | Killed Crazy Yiuf
  7631 | D:8      | Noticed Grum
  7650 | D:8      | Reached **** piety under Uskayaw
  7651 | D:8      | Killed Grum
  7651 | D:8      | Reached XP level 10. HP: 61/61 MP: 10/17
  7969 | D:8      | Reached skill level 11 in Unarmed Combat
  7988 | D:8      | Reached ***** piety under Uskayaw
  8600 | D:9      | Noticed a two-headed ogre
  8608 | D:9      | Killed a two-headed ogre
  8608 | D:9      | Reached skill level 5 in Spellcasting
  8708 | D:9      | Learned a level 5 spell: Blade Hands
  8842 | D:9      | Found a radiant altar of Vehumet.
  8854 | D:9      | Found a staircase to the Lair.
  9132 | D:9      | Paralysed by a hornet for 3 turns
  9145 | D:9      | HP: 2/61 [poisoned by a hornet]
  9146 | D:9      | Succumbed to a hornet's poison

Skill      XL: |  1  2  3  4  5  6  7  8  9 10 |
---------------+-------------------------------+-----
Stealth        | 1 |  1.7
Unarmed Combat | 4 5 6 9 10 11 | 11.9
Spellcasting   | 3 4 5 |  5.2
Transmutations | 3 4 5 6 |  6.4
Poison Magic   | 1 |  1.2
Dodging        | 3 4 |  4.6
Fighting       | 2 |  2.5

Action                   |  1- 3 |  4- 6 |  7- 9 | 10-12 || total
-------------------------+-------+-------+-------+-------++-------
Melee: Unarmed           |    79 |   128 |   283 |   117 ||   607
       Constrict         |    17 |    17 |     7 |     1 ||    42
       Kick              |    18 |    13 |     5 |       ||    36
       Punch             |     2 |       |       |     1 ||     3
       Tentacles         |     6 |     9 |    10 |     3 ||    28
 Cast: Beastly Appendage |    19 |    16 |     4 |       ||    39
       Spider Form       |       |    13 |    36 |    15 ||    64
  Use: Potion            |     1 |     3 |     3 |     3 ||    10
       Scroll            |       |       |     2 |       ||     2
 Stab: Sleeping          |     4 |     3 |     3 |       ||    10
       Invisible         |     3 |       |       |       ||     3
       Paralysed         |       |       |     4 |     8 ||    12
  Eat: Chunk             |     2 |     6 |    14 |     4 ||    26
       Bread ration      |       |     1 |       |       ||     1
       Royal jelly       |       |       |       |     1 ||     1
Armor: Skin              |     5 |     4 |     6 |     3 ||    18
Dodge: Dodged            |    45 |   113 |   229 |   115 ||   502
